 Dungeon Crawl Stone Soup version 0.22.1-1-ga44c0e5 (webtiles) character file.

1046 Fang the Chopper (level 8, -9/76 HPs)
             Began as a Gargoyle Berserker on Oct 29, 2018.
             Was an Elder of Trog.
             Mangled by a wight
             ... wielding a cursed +1 halberd of freezing
              (10 damage)
             ... on level 6 of the Dungeon.
             The game lasted 00:09:16 (5790 turns).

Fang the Chopper (Gargoyle Berserker)               Turns: 5790, Time: 00:09:17

Health: -9/76      AC:  8    Str: 28    XL:     8   Next: 25%
Magic:  8/8        EV: 13    Int: 13    God:    Trog [****..]
Gold:   314        SH:  0    Dex:  9    Spells: 7/7 levels left

rFire    + . .     SeeInvis .   a - +0 hand axe
rCold    x . .     Gourm    .   (no shield)
rNeg     + . .     Faith    .   b - +1 animal skin
rPois    ∞         Spirit   .   (no helmet)
rElec    +         Reflect  .   (no cloak)
rCorr    .         Harm     .   (no gloves)
MR       .....                  (no boots)
Stlth    ..........             (no amulet)
HPRegen  0.22/turn              h - ring of fire
MPRegen  0.11/turn              t - +5 ring of intelligence

@: berserking (expiring), starving, very quick
A: negative energy resistance 1, electricity resistance, unbreathing,
petrification resistance, rot immunity, AC +5
a: Berserk, Trog's Hand, Brothers in Arms, Renounce Religion


You were on level 6 of the Dungeon.
You worshipped Trog.
Trog was greatly pleased with you.
You were starving.

You visited 2 branches of the dungeon, and saw 7 of its levels.
You also visited: Ossuary.

You collected 314 gold pieces.

Inventory:

Hand Weapons
 a - a +0 hand axe (weapon)
Armour
 b - a +1 animal skin (worn)
Jewellery
 h - a ring of fire (left hand)
 t - a +5 ring of intelligence (right hand)
Scrolls
 e - 5 scrolls of identify
 i - 4 scrolls of remove curse
 k - a scroll of enchant armour
 l - 2 scrolls of blinking
 p - a scroll of teleportation
 s - 2 scrolls of magic mapping
Potions
 d - 8 potions of degeneration
 f - 3 potions of heal wounds
 g - 4 potions of curing
 j - a potion of haste
 m - 3 potions of agility
 n - 4 potions of lignification
 o - 2 potions of resistance
 q - a potion of invisibility {unknown}
 r - 2 potions of flight
 u - 3 potions of cancellation {unknown}
 x - 2 potions of magic {unknown}
 z - 2 potions of mutation {unknown}
 A - 2 potions of berserk rage {unknown}
Comestibles
 c - 2 rations


   Skills:
 + Level 5.6 Fighting
 + Level 6.8 Axes
 + Level 2.2 Armour
 + Level 4.0 Dodging
 + Level 1.5 Stealth


You had 7 spell levels left.
You didn't know any spells.
Your spell library was empty.

Dungeon Overview and Level Annotations

Branches:
Dungeon (6/15)             Temple (1/1) D:5

Altars:
Cheibriados
Fedhas
Hepliaklqana
Kikubaaqudgha
Qazlal
Ru
Xom


Innate Abilities, Weirdness & Mutations

You are resistant to torment.
Your stone body is resilient. (AC +5)
You are immune to poison.
You resist negative energy. (rN+)
You are resistant to electric shocks. (rElec)
You can survive without breathing.
You are immune to petrification.
You are immune to rotting.


Message History

You destroy the wight!
Trog accepts your kill.
Your Dodging skill increases to level 4!
The wight hits you from afar with a halberd of freezing!
* * * LOW HITPOINT WARNING * * *
The wight freezes you.
* * * LOW HITPOINT WARNING * * *
Items here: )) [[ an enchanted flail; a robe; a dagger; a robe You slash the wight!
The wight is severely damaged.
The wight barely misses you.
Unknown command.
You closely miss the wight.
The wight is severely damaged.
Unknown command.
You closely miss the wight.
The wight is severely damaged.
The wight hits you with a halberd of freezing!
You die...

##.###### #.# #..#
#.# ##.# ########.#
#.# ######......#.#
#.###.<.........#.#
#....#.###.##.#.#[#
#####.## #.....#
### #.####)###
#..z@..# ########


You could see a wight.

Vanquished Creatures
  An ice beast (D:5)
  2 ogres
  A howler monkey (D:2)
  3 wights (D:6)
  A human zombie (Ossuary)
  A centaur zombie (Ossuary)
  3 crimson imps
  A jelly (D:5)
  A centaur skeleton (D:5)
  An orc priest (D:3)
  An orc wizard (D:4)
  A bullfrog skeleton (D:4)
  4 worker ants
  4 mummies
  4 adders
  2 oozes
  An adder skeleton (D:4)
  3 worms
  2 dart slugs (D:1)
  4 leopard geckos
  10 orcs
  5 ball pythons
  3 giant cockroaches
  3 gnoll zombies (Ossuary)
  8 goblins
  8 hobgoblins
  9 jackals
  10 kobolds
  4 quokkas
  10 bats
  8 frilled lizards
  2 goblin zombies (D:5)
  A hobgoblin zombie (Ossuary)
  A jackal zombie (D:6)
  A kobold zombie (Ossuary)
  An orc zombie (Ossuary)
  6 rats
  A fungus (D:2)
132 creatures vanquished.

Notes
Turn   | Place    | Note
-------+----------+-------------------------------------------
     0 | D:1      | Fang the Gargoyle Berserker began the quest for the Orb.
     0 | D:1      | Reached XP level 1. HP: 14/14 MP: 1/1
    98 | D:1      | Reached XP level 2. HP: 13/19 MP: 2/2
   103 | D:1      | Reached skill level 3 in Axes
   496 | D:1      | Reached XP level 3. HP: 23/24 MP: 3/3
   637 | D:1      | Reached ** piety under Trog
  1315 | D:2      | Reached XP level 4. HP: 27/29 MP: 4/4
  1556 | D:2      | Found a stormy altar of Qazlal.
  1558 | D:2      | Reached XP level 5. HP: 25/33 MP: 5/5
  1634 | D:2      | Reached *** piety under Trog
  2164 | D:3      | Reached skill level 4 in Axes
  2223 | D:3      | Noticed an ogre
  2234 | D:3      | Killed an ogre
  2494 | D:3      | Reached XP level 6. HP: 37/39 MP: 6/6
  3086 | D:4      | Reached skill level 5 in Axes
  3292 | D:4      | Reached XP level 7. HP: 26/44 MP: 7/7
  3896 | D:5      | Entered Level 5 of the Dungeon
  3973 | D:5      | Reached skill level 5 in Fighting
  3973 | D:5      | Reached skill level 1 in Stealth
  4053 | D:5      | Found a sand-covered staircase.
  4146 | Ossuary  | Entered an ossuary
  4522 | Ossuary  | Reached **** piety under Trog
  4616 | Ossuary  | Reached skill level 6 in Axes
  4771 | D:5      | Found a staircase to the Ecumenical Temple.
  4924 | Temple   | Entered the Ecumenical Temple
  5112 | D:5      | Reached XP level 8. HP: 31/50 MP: 8/8
  5786 | D:6      | HP: 2/76 [wight/halberd of freezing (10)]
  5790 | D:6      | Mangled by a wight

Skill      XL: |  1  2  3  4  5  6  7  8 |
---------------+-------------------------+-----
Axes           | 3 4 5 6 |  6.8
Dodging        | 2 3 4 |  4.0
Fighting       | 4 5 |  5.6
Stealth        | 1 |  1.5
Armour         | |  2.2

Action                   |  1- 3 |  4- 6 |  7- 9 || total
-------------------------+-------+-------+-------++-------
Melee: Hand axe          |   127 |   196 |   233 ||   556
Invok: Berserk           |     2 |     3 |     2 ||     7
  Use: Scroll            |       |       |    19 ||    19
 Stab: Sleeping          |       |       |     2 ||     2
  Eat: Chunk             |     3 |     5 |     2 ||    10
       Ration            |       |     1 |     2 ||     3
Armor: Animal skin       |    52 |    70 |    47 ||   169
Dodge: Dodged            |    74 |   125 |   116 ||   315
